 Dungeon Crawl Stone Soup version 0.28-a0-723-g095bd1b44f (webtiles) character file.

Game seed: 5464644911961480784

91 AarnesTheHuman the Covered (level 4, -1/38 HPs)
             Began as a Barachi Fighter on Oct 26, 2021.
             Slain by an orc priest (5 damage)
             ... on level 3 of the Dungeon.
             The game lasted 00:02:05 (2034 turns).

AarnesTheHuman the Covered (Barachi Fighter)        Turns: 2034, Time: 00:02:06

Health: -1/38      AC:  7    Str: 18    XL:     4   Next: 59%
Magic:  4/4        EV:  9    Int:  9    God:
Gold:   87         SH:  4    Dex: 11    Spells: 3/3 levels left

rFire   . . .      SeeInvis +   e - +5 whip (freeze)
rCold   + . .      Faith    .   c - +0 buckler
rNeg    . . .      Spirit   .   b - +0 scale mail
rPois   .          Reflect  .   (no helmet)
rElec   .          Harm     .   (no cloak)
rCorr   .          Rampage  .   (no gloves)
Will    .....                   (no boots)
Stlth   ..........              (no amulet)
HPRegen 0.12/turn               g - ring of see invisible
MPRegen 0.09/turn               q - ring of protection from cold

@: slow
A: amphibious, slowness 1, strong legs 1, +LOS
a: Hop


You were on level 3 of the Dungeon.
You visited 1 branch of the dungeon, and saw 3 of its levels.

You collected 87 gold pieces.

Inventory:

Hand Weapons
 a - a +0 long sword
 e - a +5 whip of freezing (weapon)
Missiles
 o - 16 poisoned darts
Armour
 b - a +0 scale mail (worn)
 c - a +0 buckler (worn)
Jewellery
 g - a ring of see invisible (left hand)
 n - a ring of positive energy
 q - a ring of protection from cold (right hand)
Scrolls
 f - a scroll of fear {unknown}
 h - a scroll of enchant weapon {unknown}
 j - a scroll of enchant armour {unknown}
Potions
 d - 2 potions of might
 i - a potion of mutation {unknown}
 k - 3 potions of brilliance {unknown}
 l - a potion of flight {unknown}
 m - a potion of attraction {unknown}
 p - a potion of lignification {unknown}


   Skills:
 + Level 4.7 Fighting
 - Level 2.6 Long Blades
 + Level 4.7 Armour
 - Level 4.0 Shields


You had 3 spell levels left.
You didn't know any spells.
Your spell library contained the following spells:

 Spells                   Type           Power      Damage    Failure   Level
 Summon Lightning Spire   Summ/Air       0%         N/A       100%        4
 Storm Form               Tmut/Air       0%         N/A       100%        7
 Maxwell's Capacitive Co  Air            0%         ∞         100%        8


Dungeon Overview and Level Annotations

Branches:
Dungeon (3/15)

Altars:
Elyvilon


Innate Abilities, Weirdness & Mutations

You are amphibious.
You cover ground slowly.
You can hop short distances.
You have an extended range of vision and can be seen from far away.


Message History

You barely miss the orc. The quokka barely misses you.
The orc hits you with a +0 whip. The orc misses you.
The quokka bites you but does no damage.
You hit the orc. You freeze the orc.
The orc is moderately wounded.
The orc hits you with a +0 war axe. The quokka closely misses you.
You closely miss the orc. The quokka barely misses you.
The orc priest calls upon Beogh to heal the orc.
The orc's wounds heal themselves!
The orc hits you with a +0 war axe! The orc hits you with a +0 short sword.
You hit the orc. You freeze the orc.
The orc is almost dead.
The quokka bites you but does no damage.
The orc completely misses you. The orc hits you but does no damage.
The quokka bites you but does no damage.
You whack the orc! You freeze the orc.
You kill the orc!
The orc hits you but does no damage. The quokka bites you.
You hit the orc. You freeze the orc.
The orc is almost dead.
The orc barely misses you. The orc hits you but does no damage.
The quokka closely misses you.
You barely miss the orc.
The orc is almost dead.
The orc closely misses you. You block the quokka's attack.
The orc hits you with a +0 whip. The orc barely misses you.
You hit the orc. You freeze the orc.
You kill the orc!
The quokka misses you. The quokka closely misses you.
The orc hits you but does no damage.
You completely miss the orc. The quokka closely misses you.
The orc priest mumbles some strange prayers to Beogh against you.
Pain shoots through your body!
* * * LOW HITPOINT WARNING * * *
The orc barely misses you.
You hit the orc priest. You freeze the orc priest.
The orc priest is moderately wounded.
The quokka barely misses you. The orc completely misses you.
The orc priest hits you with a +0 dagger of venom.
You die...

#. ........
#.#.#.#.#.# ##
###.......... ..
.....⌠.....⌠
.##......._.. ##
......⌠.....
....##...o....
.......r#o#.#.#.#
##.@o.....!.
#.....######
#.###.# #.# .#
#.###.###.#
#......#.#
#.###.#.#.#
#.#.#.# #.....#


You could see 2 orc priests, an orc and a quokka.

Vanquished Creatures
  A gnoll (D:1)
  3 adders (D:2)
  2 dart slugs (D:2)
  2 orcs (D:3)
  4 bats (D:1)
  6 endoplasms
  4 giant cockroaches
  6 goblins
  3 hobgoblins
  4 ball pythons
  2 frilled lizards (D:1)
  5 kobolds
  7 rats
49 creatures vanquished.

Vanquished Creatures (others)
  2 fungi (D:1)
  3 plants (D:1)
5 creatures vanquished.

Grand Total: 54 creatures vanquished

Notes
Turn   | Place    | Note
-------+----------+-------------------------------------------
     0 | D:1      | AarnesTheHuman the Barachi Fighter began the quest for the
                  | Orb.
     0 | D:1      | Reached XP level 1. HP: 18/18 MP: 1/1
   381 | D:1      | Reached XP level 2. HP: 25/25 MP: 2/2
   549 | D:1      | Reached XP level 3. HP: 29/30 MP: 3/3
   753 | D:1      | Found a faded altar of an unknown god.
  1288 | D:2      | Reached XP level 4. HP: 32/38 MP: 4/4
  2021 | D:3      | Found a white marble altar of Elyvilon.
  2034 | D:3      | Slain by an orc priest

Illustrated notes

Levels and vault maps discovered:
D:1:      ncdulo_halloftheorcs, layout_rooms,
          shapermc_ecumenical_altar_mp_ritualfount
D:2:      layout_basic
D:3:      layout_loops_corners, elyvilon_altar_5

Skill      XL: |  1  2  3 |
---------------+----------+-----
Fighting       | 4 |  4.7
Armour         | 4 |  4.7
Shields        | 4 |  4.0
Long Blades    | |  2.6

Action                   |  1- 3 |  4- 6 || total
-------------------------+-------+-------++-------
Melee: Long sword        |    12 |       ||    12
       Whip              |    71 |    33 ||   104
Armor: Scale mail        |    42 |    21 ||    63
Dodge: Dodged            |    41 |    25 ||    66
Block: Buckler           |    26 |     3 ||    29

Table legend: (Time is in decaauts)
 A = Elapsed time spent in this place.
 B = Non-inter-level travel time spent in this place.
 C = Inter-level travel time spent in this place.
 D = Time resting spent in this place.
 E = Time spent auto-exploring this place.
 F = Levels seen in this place.
 G = Mean time per level.
                   A        B        C        D        E       F      G
               +--------+--------+--------+--------+--------+-----+--------+
         Total |   2324 |   2182 |    142 |    266 |   1573 |   3 |  774.7 |
       Dungeon |   2324 |   2182 |    142 |    266 |   1573 |   3 |  774.7 |
               +--------+--------+--------+--------+--------+-----+--------+

Top non-repeatable levels by time:
     D:2: 1316 daAuts
     D:1: 956 daAuts
     D:3: 50 daAuts
